 Dungeon Crawl Stone Soup version 0.20-a0-949-g916514f (webtiles) character file.

112406 4thArraOfDagon the Gelid (level 16, -8/96 HPs)
             Began as a Mummy Ice Elementalist on Apr 4, 2017.
             Was an Initiate of Gozag.
             Mangled by a large abomination (32 damage)
             ... on level 1 of the Elven Halls.
             The game lasted 02:20:10 (38707 turns).

4thArraOfDagon the Gelid (Mummy Ice Elementalist)  Turns: 38707, Time: 02:20:10

Health: -8/96      AC: 10    Str: 14    XL:     16   Next: 11%
Magic:  3/46       EV: 12    Int: 24    God:    Gozag
Gold:   2277       SH:  0    Dex: 13    Spells: 16/37 levels left

rFire    + . .     SeeInvis .   a - staff of power {!a}
rCold    + + .     Gourm    .   (no shield)
rNeg     + + +     Faith    .   j - +2 robe {MR+}
rPois    ∞         Spirit   .   M - +2 hat {MR+}
rElec    +         Reflect  .   F - scarf "Bicam" {rElec rF+++ Str+3 Stlth-}
rCorr    .         Harm     .   s - +0 pair of gloves
MR       ++++.                  E - +2 pair of boots {Stlth+}
Stlth    ++........             Y - amulet of regeneration
Regen    0.7/turn               b - ring of ice
MPRegen  0.3/turn               R - +3 ring of intelligence

@: no potions, gold aura
A: no food or potions, fire vulnerability, cold resistance 1, negative energy
resistance 3, torment resistance, unbreathing, in touch with death 1
a: Potion Petition, Call Merchant, Bribe Branch, Renounce Religion


You were on level 1 of the Elven Halls.
You worshipped Gozag.
Gozag was most pleased with you.
You were not hungry.

You visited 5 branches of the dungeon, and saw 26 of its levels.
You also visited: Ice Cave.

You collected 9747 gold pieces.
You spent 2117 gold pieces at shops.
You paid 5353 gold pieces to Gozag.

Inventory:

Missiles
 Q - 8 curare-tipped needles
Armour
 j - a +2 robe of magic resistance (worn)
 p - a +2 troll leather armour
 s - a +0 pair of gloves (worn)
 A - the +10 shield "Kickok" {rElec Slay+5}
   (You took it off an orc warrior on level 11 of the Dungeon)

   It affects your accuracy and damage with ranged weapons and melee attacks
   (+5).
   It insulates you from electricity.
 E - a +2 pair of boots of stealth (worn)
 F - the scarf "Bicam" (worn) {rElec rF+++ Str+3 Stlth-}
   (You found it on level 11 of the Dungeon)

   It affects your strength (+3).
   It renders you almost immune to fire.
   It insulates you from electricity.
   It makes you less stealthy.
 H - the +1 robe of Kayrrawiadgh {rPois rF+ rC+ MR- Dex+3}
   (You found it on level 15 of the Dungeon)

   It affects your dexterity (+3).
   It protects you from fire.
   It protects you from cold.
   It protects you from poison.
   It affects your resistance to hostile enchantments.
 M - a +2 hat of magic resistance (worn)
 O - a +0 buckler of cold resistance
 V - the +2 ring mail "Dighuly" {rPois}
   (You bought it in a shop on level 2 of the Orcish Mines)

   It protects you from poison.
 W - the +5 ring mail of Perfidy {+Fly rElec rN+}
   (You bought it in a shop on level 2 of the Orcish Mines)

   It insulates you from electricity.
   It protects you from negative energy.
   It lets you fly.
 X - a +0 robe
Magical Staves
 a - an uncursed staff of power (weapon) {!a}
 c - an uncursed staff of death
 r - an uncursed staff of cold
Jewellery
 b - a ring of ice (left hand)
 i - an uncursed ring of see invisible
 m - an uncursed ring of wizardry
 o - an uncursed ring of protection from magic
 C - an uncursed ring of protection from cold
 R - a +3 ring of intelligence (right hand)
 Y - an amulet of regeneration (around neck)
Wands
 d - a wand of lightning (0/15)
 e - a wand of paralysis (6/24)
 h - a wand of acid (3/15)
 t - a wand of digging (7/24)
 u - a wand of disintegration (11/24)
 w - a wand of scattershot (8/9)
 x - a wand of digging (13/24)
 G - a wand of random effects (30/48)
 I - a wand of iceblast (9/15)
 J - a wand of iceblast (10/15)
 K - a wand of lightning (4/15)
 L - a wand of clouds (1/9)
 N - a wand of iceblast (6/15)
 P - a wand of lightning (9/15)
 U - a wand of lightning (9/15)
Scrolls
 f - 4 scrolls of fear
 k - 3 scrolls of amnesia
 l - a scroll of recharging
 n - 5 scrolls of remove curse
 q - 4 scrolls of enchant weapon
 y - a scroll of enchant armour
 B - 2 scrolls of noise
 D - a scroll of brand weapon
 T - a scroll of magic mapping
 Z - a scroll of summoning
Miscellaneous
 g - a phantom mirror
 S - a sack of spiders


   Skills:
 - Level 1.5 Dodging
 - Level 1.5 Stealth
 - Level 2.0 Shields
 + Level 11.4 Spellcasting
 * Level 13.8 Conjurations
 * Level 19.8 Ice Magic
 - Level 3.3 Evocations


You had 16 spell levels left.
You knew the following spells:

 Your Spells              Type           Power        Failure   Level  Hunger
a - Freeze                Ice            ####         0%          1    N/A
b - Throw Icicle          Conj/Ice       #######.     1%          4    N/A
c - Summon Ice Beast      Ice/Summ       ######..     1%          4    N/A
d - Blink                 Tloc           N/A          10%         2    N/A
e - Passage of Golubria   Tloc           N/A          54%         4    N/A
f - Ozocubu's Refrigerat  Ice            ########..   1%          6    N/A

Dungeon Overview and Level Annotations

Branches:
Dungeon (15/15)            Temple (1/1) D:5            Lair (6/6) D:11
  Snake (0/4) Lair:2        Slime (0/5) Lair:6          Orc (2/2) D:10
    Elf (2/3) Orc:2        Vaults (0/5) D:14         Depths (0/5) D:15
  Swamp: Lair:2-4    Shoals: Lair:2-4

Altars:
Ashenzari
Cheibriados
Dithmenos
Elyvilon
Fedhas
Gozag
Hepliaklqana
Nemelex Xobeh
Okawaru
Sif Muna
Uskayaw
Vehumet
Wu Jian
Xom
Yredelemnul
Beogh
Jiyva

Shops:
D:3 *   D:5 (   D:8 ?[[   D:11 :   Orc:1 [   Orc:2 (?[((   Lair:3 :*

Annotations:
D:9 Hybris's ghost, novice OgBe
D:11 exclusion: downstairs
D:13 Rupert
Lair:4 Harold
Orc:2 herpmino's ghost, journeyman VSGl


Innate Abilities, Weirdness & Mutations

You do not eat or drink.
Your flesh is vulnerable to fire.
You are immune to poison.
Your flesh is cold resistant. (rC+)
You are immune to negative energy. (rN+++)
You are immune to unholy pain and torment.
You can survive without breathing.
You are in touch with the powers of death.


Message History

The heat is drained from your surroundings.
You resist.
You feel very cold.
The deep elf mage is frozen.
The deep elf mage shouts!
The deep elf mage is severely wounded.
Unknown command.
Casting: Ozocubu's Refrigeration
Confirm with . or Enter, or press ? or * to list all spells.
You feel a surge of power!
The heat is drained from your surroundings.
You resist.
You feel very cold.
* * * LOW HITPOINT WARNING * * *
The deep elf mage is frozen.
You kill the deep elf mage!
A halberd of venom comes into view.
Unknown command.
You climb upwards.
The large abomination is no longer distracted by gold.
The large abomination hits you!!
You die...
Your body crumbles into a pile of gold.

### ## .$# #.#
#e###.#
####.#.######
#.?[.X......#
#....$$###@#####)#
.....#. #.# #.#
.... #. ..# #.#
... .#. #.## #.#
.. #.#. #. #.# .
...#. #. #.#
.####. #. #.# ..
#.# #.######.#


You could see a large abomination and a deep elf mage.

Vanquished Creatures
  Kirke (Lair:4)
  A fire giant (D:15)
  A deep elf sorcerer (Elf:1)
  A frost giant (D:12)
  A deep elf demonologist (Elf:1)
  A dire elephant (Lair:6)
  An ettin (D:14)
  A deep elf high priest (Elf:1)
  8 hydras
  8 centaur warriors
  2 catoblepae (Lair:6)
  An anaconda (Lair:6)
  8 two-headed ogres
  A death knight (D:14)
  An orc high priest (Orc:2)
  4 deep elf knights (Elf:1)
  A shadow wraith (D:14)
  A sea snake (shapeshifter) (D:12)
  5 unseen horrors
  4 deep elf archers (Elf:1)
  2 necromancers
  A harpy (shapeshifter) (D:15)
  2 orc knights (Orc:2)
  25 deep elf magi
  3 cyclopes
  4 manticores
  2 orc sorcerers
  2 wolf spiders (D:12)
  17 ugly things
  An elephant (Lair:6)
  2 black mambas (shapeshifter)
  8 black mambas
  An ice statue (IceCv)
  9 spiny frogs
  10 freezing wraiths (IceCv)
  6 komodo dragons
  An efreet (D:12)
  2 kobold demonologists
  6 trolls
  2 tengu conjurers (D:15)
  A troll (shapeshifter) (D:12)
  A wolf spider simulacrum (IceCv)
  4 hornets
  5 dream sheep
  Prince Ribbit (D:5)
  A slime creature (D:12)
  2 blink frogs
  10 hippogriffs
  A meliai zombie (D:14)
  A hippogriff (shapeshifter) (D:14)
  Sigmund (D:5)
  4 shadows
  2 wyverns
  A wraith (D:11)
  A human (shapeshifter) (D:14)
  22 yaks
  A water elemental (Elf:1)
  A vampire (D:11)
  2 fire elementals (Elf:1)
  Grum (D:8)
  2 basilisks
  4 vampire mosquitoes (D:15)
  A death yak simulacrum (IceCv)
  4 wargs
  Edmund (D:6)
  2 swamp worms (Lair:2)
  6 water moccasins
  2 acid dragons (D:12)
  7 porcupines
  An eye of draining (D:13)
  7 ice beasts
  A sky beast (D:9)
  51 orc warriors
  An alligator simulacrum (IceCv)
  3 necrophages
  19 centaurs
  9 wolves
  14 ogres
  17 crocodiles
  2 big kobolds
  16 bullfrogs
  2 scorpions
  11 killer bees
  8 wights
  4 howler monkeys
  10 crimson imps
  3 bullfrog zombies
  2 centaur zombies
  4 draconian simulacra (IceCv)
  5 jellies
  2 quasits
  5 bullfrog skeletons
  18 orc priests
  7 hounds
  2 centaur skeletons
  7 iguanas
  31 orc wizards
  5 troll simulacra (IceCv)
  11 worker ants
  2 yak simulacra (D:11)
  4 polar bear simulacra
  4 spriggan simulacra (IceCv)
  3 wolf simulacra (D:11)
  3 centaur simulacra (IceCv)
  2 hound skeletons
  A howler monkey zombie (D:10)
  6 gnolls
  20 adders
  3 naga simulacra (IceCv)
  An ogre simulacrum (IceCv)
  A river rat (D:5)
  4 shadow imps
  11 white imps (IceCv)
  3 adder skeletons
  An adder zombie (D:6)
  3 worms
  2 dart slugs
  4 leopard geckos
  112 orcs
  4 ball pythons
  8 giant cockroaches
  7 goblins
  5 hobgoblins
  9 jackals
  26 kobolds
  10 quokkas
  6 bats
  7 frilled lizards
  A jackal skeleton (D:8)
  A leopard gecko skeleton (D:3)
  A quokka zombie (D:6)
  11 rats
  2 river rat simulacra (D:11)
  3 plants (Lair:6)
819 creatures vanquished.

Vanquished Creatures (collateral kills)
  Gastronok (D:12)
  2 two-headed ogres
  A deep elf knight (D:11)
  Pikel (D:5)
  An orc knight (D:11)
  An ugly thing (D:15)
  A manticore (D:13)
  A centaur zombie (D:13)
  3 elephants (Lair:6)
  3 spiny frogs
  3 centaur skeletons (D:15)
  A komodo dragon (Lair:6)
  A polar bear (Lair:6)
  A harpy skeleton (D:15)
  7 blink frogs (Lair:6)
  3 hippogriffs
  4 dream sheep (Lair:6)
  A vampire (D:15)
  A wraith (D:10)
  12 yaks
  A wyvern (D:8)
  3 hogs
  2 hungry ghosts (D:12)
  5 water moccasins (Lair:2)
  2 porcupines
  A phantom (D:7)
  An ice beast (D:8)
  3 necrophages
  7 orc warriors
  An ogre (D:5)
  5 wolves
  4 crocodiles
  4 big kobolds
  4 bullfrogs
  3 wyvern skeletons
  3 killer bees
  A howler monkey (D:10)
  A crimson imp (D:12)
  A quasit (D:9)
  3 orc wizards
  A hound (D:14)
  An orc priest (D:10)
  A bullfrog skeleton (D:11)
  A worker ant (D:10)
  An adder (Lair:3)
  A white imp (IceCv)
  11 orcs
  A jackal (D:8)
  4 kobolds (D:9)
  A fungus (Lair:4)
127 creatures vanquished.

Vanquished Creatures (others)
  2 dancing weapons (Elf:1)
  3 bushes (D:11)
  14 fungi
  39 plants
58 creatures vanquished.

Grand Total: 1004 creatures vanquished

Notes
Turn   | Place    | Note
-------+----------+-------------------------------------------
     0 | D:1      | 4thArraOfDagon the Mummy Ice Elementalist began the quest for the Orb.
     0 | D:1      | Reached XP level 1. HP: 13/13 MP: 4/4
   113 | D:2      | Reached XP level 2. HP: 9/19 MP: 0/6
   217 | D:2      | Reached skill level 3 in Ice Magic
   275 | D:2      | Reached XP level 3. HP: 19/24 MP: 3/7
   844 | D:5      | Entered Level 5 of the Dungeon
   844 | D:5      | Noticed Sigmund
   985 | D:4      | Reached XP level 4. HP: 24/30 MP: 4/9
   986 | D:4      | Reached skill level 4 in Ice Magic
   999 | D:4      | Learned a level 4 spell: Throw Icicle
  1023 | D:4      | Reached skill level 1 in Conjurations
  1093 | D:4      | Found a shimmering altar of Xom.
  1297 | D:4      | Reached XP level 5. HP: 29/35 MP: 5/11
  1507 | D:5      | Noticed an ogre
  1607 | D:5      | Killed Sigmund
  1607 | D:5      | Reached skill level 5 in Ice Magic
  1607 | D:5      | Reached XP level 6. HP: 10/41 MP: 1/12
  1935 | D:5      | Found an iron altar of Okawaru.
  1970 | D:5      | Noticed Pikel
  1970 | D:5      | Noticed a slave
  1970 | D:5      | Noticed a slave
  1970 | D:5      | Noticed a slave
  1970 | D:5      | Noticed a slave
  2275 | D:5      | Found Apaarch's Weapon Shoppe.
  2285 | D:5      | :(
  2384 | D:6      | Reached XP level 7. HP: 42/46 MP: 8/13
  2426 | D:5      | Noticed Prince Ribbit
  2826 | D:7      | Noticed a hippogriff
  2838 | D:7      | RIP
  2865 | D:7      | Killed a hippogriff
  3240 | D:7      | Reached skill level 6 in Ice Magic
  3633 | D:6      | Reached XP level 8. HP: 50/52 MP: 0/14
  3802 | D:5      | Found a staircase to the Ecumenical Temple.
  3813 | Temple   | Entered the Ecumenical Temple
  3822 | Temple   | Became a worshipper of Gozag Ym Sagoz the Greedy
  4208 | D:3      | Found an opulent altar of Gozag.
  4210 | D:3      | Found Gozag's Platinum Reserve.
  4289 | D:3      | Reached skill level 5 in Spellcasting
  5456 | D:2      | Reached skill level 5 in Conjurations
  6229 | D:5      | Killed Prince Ribbit
  6229 | D:5      | Reached skill level 7 in Ice Magic
  6607 | D:6      | Noticed Edmund
  6639 | D:6      | Killed Edmund
  7129 | D:8      | Noticed a hippogriff
  7183 | D:8      | Noticed a hippogriff
  7211 | D:8      | Killed a hippogriff
  7211 | D:8      | Reached XP level 9. HP: 38/57 MP: 7/18
  7272 | D:9      | Noticed Hybris's ghost (novice OgBe)
  7290 | D:9      | Noticed a kobold demonologist
  7310 | D:10     | Entered Level 10 of the Dungeon
  7511 | D:10     | magipi: wow, what an escape
  7598 | D:10     | Learned a level 4 spell: Summon Ice Beast
  8450 | D:10     | Reached skill level 8 in Ice Magic
  8986 | D:10     | uhh
  8998 | D:10     | magipi: &dump
  9013 | D:10     | beem: http://CRAWL.XTAHUA.COM/crawl/morgue/magipi/magipi.txt
  9150 | D:9      | magipi: thanks
  9155 | D:9      | Noticed a two-headed ogre
  9166 | D:9      | Killed a two-headed ogre
  9166 | D:9      | Reached XP level 10. HP: 63/63 MP: 7/21
  9167 | D:9      | 4thArraOfDagon: np
  9601 | D:8      | Found Qatipp's Magic Scroll Boutique.
  9657 | D:8      | magipi: are you not training summoning?
  9657 | D:8      | Bought a scroll of fear for 45 gold pieces
  9657 | D:8      | Bought a scroll of teleportation for 39 gold pieces
  9695 | D:8      | Reached skill level 9 in Ice Magic
  9940 | D:8      | 4thArraOfDagon: naa, its good
  9988 | D:8      | magipi: also, maybe some evo for the staff of cold
 10203 | D:8      | Noticed Grum
 10675 | D:5      | Killed Pikel
 12355 | D:9      | Noticed a five-headed hydra
 12367 | D:9      | Killed a five-headed hydra
 12869 | D:10     | Found a staircase to the Orcish Mines.
 13158 | D:9      | Reached skill level 10 in Ice Magic
 13289 | D:8      | Killed Grum
 13289 | D:8      | Reached XP level 11. HP: 53/68 MP: 0/23
 13424 | D:8      | Bought a pair of embroidered boots for 210 gold pieces
 13436 | D:8      | Bought a warped robe for 114 gold pieces
 13446 | D:8      | Identified the cursed -5 robe of Misfortune {-Cast *Contam *Tele *Drain EV-5 Stlth-- *Curse} (You bought it in a shop on level 8 of the Dungeon)
 13743 | D:9      | 4thArraOfDagon: bad shops again ;(
 13959 | D:9      | Found a deep blue altar of Sif Muna.
 14025 | D:11     | Noticed a purple ugly thing
 14028 | D:11     | magipi: btw, what would be a good shop? rF ring?
 14036 | D:11     | Killed a purple ugly thing
 14125 | D:11     | Noticed a cyan ugly thing
 14143 | D:11     | Noticed an eight-headed hydra
 14149 | D:11     | Noticed a two-headed ogre
 14153 | D:11     | Killed a two-headed ogre
 14337 | D:11     | 4thArraOfDagon: int things
 14493 | D:11     | 4thArraOfDagon: i need pure power
 14493 | D:11     | 4thArraOfDagon: not defensive sluggish style items like rf
 14797 | D:11     | Noticed a centaur warrior
 14798 | D:11     | magipi: :D
 14939 | D:11     | magipi: oh yess
 14972 | D:11     | Got a fine great sword {antimagic}
 15029 | D:11     | Killed an eight-headed hydra
 15158 | D:11     | magipi: pity
 15578 | D:11     | Found a staircase to the Lair.
 15794 | D:11     | Identified the cursed +2 great sword of Interdependent Arising {antimagic, SInv} (You took it off an orc warrior on level 11 of the Dungeon)
 15934 | D:11     | Noticed a necromancer
 15944 | D:11     | Killed a necromancer
 16114 | D:11     | Reached skill level 10 in Spellcasting
 16151 | D:11     | Noticed a centaur warrior
 16164 | D:10     | magipi: very nice
 16623 | D:11     | Reached skill level 10 in Conjurations
 16719 | D:11     | Noticed a two-headed hydra
 16723 | D:11     | Killed a one-headed hydra
 16787 | D:11     | Reached skill level 11 in Ice Magic
 16900 | D:11     | Noticed a deep elf knight
 16917 | D:11     | Killed a deep elf knight
 17690 | D:11     | Got a heavily runed shield
 17733 | D:11     | Got a spiked scarf
 17744 | D:11     | Identified the scarf "Bicam" {rElec rF+++ Str+3 Stlth-} (You found it on level 11 of the Dungeon)
 17786 | D:11     | Noticed an orc knight
 17805 | D:11     | Killed an orc knight
 17805 | D:11     | Reached XP level 12. HP: 54/74 MP: 0/26
 17946 | D:11     | Found an iron altar of Okawaru.
 17955 | D:11     | Identified the +1 cloak "Tedub" {*Drain +Inv +Fly Dex+8} (You found it on level 11 of the Dungeon)
 18197 | D:11     | Killed a centaur warrior
 18310 | Lair:1   | Entered Level 1 of the Lair of Beasts
 18459 | Lair:1   | Identified the +10 shield "Kickok" {rElec Slay+5} (You took it off an orc warrior on level 11 of the Dungeon)
 18480 | Lair:1   | magipi: wow
 18497 | Lair:1   | 4thArraOfDagon: its trash
 18497 | Lair:1   | 4thArraOfDagon: because im not a fighter
 18531 | Lair:1   | 4thArraOfDagon: never happaned :)
 18572 | Lair:1   | magipi: I think the staff of cold is a great weapon, but you need evo for that
 18595 | Lair:1   | 4thArraOfDagon: i would need defs, fighting, evo
 18595 | Lair:1   | magipi: if it does not trigger, it's just a stick
 18595 | Lair:1   | 4thArraOfDagon: eveything is negative apt
 18595 | Lair:1   | 4thArraOfDagon: and its too late to train this
 18598 | Lair:1   | magipi: yeah, welcome to mummies
 18888 | Lair:2   | Found a staircase to the Snake Pit.
 19194 | Lair:3   | 4thArraOfDagon: chance for ice manuals!
 19405 | Lair:3   | Found a frozen archway.
 19414 | IceCv    | Entered an ice cave
 19415 | IceCv    | magipi: oh shit
 19434 | IceCv    | gottagoquickly: are you betting on magic for this character? i suppose with -2 across the board it's hard to switch around
 19442 | IceCv    | Reached skill level 1 in Evocations
 21267 | IceCv    | Found an ancient bone altar of Kikubaaqudgha.
 21713 | IceCv    | Reached skill level 12 in Ice Magic
 21800 | IceCv    | magipi: the para wand is doing great
 22782 | Lair:3   | Noticed an eight-headed hydra
 22865 | Lair:3   | Reached skill level 1 in Shields
 23010 | Lair:5   | Noticed Kirke
 23027 | Lair:4   | Noticed a sphinx
 23035 | Lair:4   | Noticed Harold
 23038 | Lair:4   | magipi: oh wow
 23120 | Lair:3   | Noticed an eight-headed hydra
 23134 | Lair:3   | Killed an eight-headed hydra
 23231 | Lair:2   | Gained mutation: You are in touch with the powers of death. [Mummy growth]
 23231 | Lair:2   | Reached XP level 13. HP: 37/79 MP: 18/27
 23778 | Lair:2   | Got a sparkling brass ring
 23781 | Lair:2   | Identified the ring "Feridue" {rElec rN+ Int-5 SInv} (You found it on level 2 of the Lair of Beasts)
 23888 | Lair:6   | Entered Level 6 of the Lair of Beasts
 24580 | Lair:6   | Found a viscous altar of Jiyva.
 24580 | Lair:6   | Found a staircase to the Slime Pits.
 24920 | Lair:6   | Reached skill level 13 in Ice Magic
 26077 | Lair:6   | Reached skill level 14 in Ice Magic
 26310 | Lair:6   | Learned a level 2 spell: Blink
 26315 | Lair:6   | Learned a level 4 spell: Passage of Golubria
 26783 | Lair:6   | Noticed a dire elephant
 26783 | Lair:6   | Noticed a dire elephant
 26805 | Lair:6   | Noticed a dire elephant
 26829 | Lair:6   | Noticed a dire elephant
 26973 | Lair:6   | Noticed a dire elephant
 26992 | Lair:6   | Killed a dire elephant
 27391 | Lair:5   | Reached skill level 15 in Ice Magic
 27761 | Lair:6   | Noticed a dire elephant
 27964 | Lair:4   | Killed Kirke
 28518 | Lair:3   | Reached XP level 14. HP: 76/85 MP: 8/29
 28554 | Lair:3   | Bought the Disquisition on the Compass and the Snowflakes for 886 gold pieces
 28561 | Lair:3   | Learned a level 6 spell: Ozocubu's Refrigeration
 28704 | Orc:1    | Entered Level 1 of the Orcish Mines
 28712 | Orc:1    | Noticed a stone giant
 29025 | Orc:1    | Reached skill level 16 in Ice Magic
 29344 | Orc:2    | Entered Level 2 of the Orcish Mines
 29347 | Orc:2    | Found a staircase to the Elven Halls.
 29464 | Orc:2    | Found a roughly hewn altar of Beogh.
 29465 | Orc:2    | Found Rudivobe's Magic Scroll Shop.
 29675 | Orc:1    | Found Veuxir's Antique Armour Shop.
 29682 | Orc:1    | Bought a shiny helmet for 157 gold pieces
 29732 | Orc:2    | Found Guveerec's Weapon Shop.
 29868 | Orc:2    | Noticed herpmino's ghost (journeyman VSGl)
 30146 | Orc:2    | Found a roughly hewn altar of Beogh.
 30150 | Orc:2    | Found Lalehim's Antique Weapon Shoppe.
 30252 | Orc:2    | Found a roughly hewn altar of Beogh.
 30433 | Orc:2    | Found a roughly hewn altar of Beogh.
 30777 | Orc:2    | Reached skill level 17 in Ice Magic
 30844 | Orc:2    | Found a roughly hewn altar of Beogh.
 30921 | Orc:2    | Noticed an orc warlord
 31290 | Orc:2    | Found Corust's Antique Armour Emporium.
 31291 | Orc:2    | Found a roughly hewn altar of Beogh.
 31296 | Orc:2    | Found Catsuxt's Antique Weapon Shoppe.
 31308 | Orc:2    | Bought a shimmering ring mail for 333 gold pieces
 31308 | Orc:2    | Bought a diamond-encrusted ring mail for 333 gold pieces
 31366 | Orc:2    | Identified the +2 ring mail "Dighuly" {rPois} (You bought it in a shop on level 2 of the Orcish Mines)
 31367 | Orc:2    | Identified the +5 ring mail of Perfidy {+Fly rElec rN+} (You bought it in a shop on level 2 of the Orcish Mines)
 31762 | D:12     | Reached skill level 18 in Ice Magic
 32081 | D:12     | Identified the cursed +1 ring mail of a ziggurat {rPois rN++ MR+ Dex-3} (You took it off an orc warrior on level 12 of the Dungeon)
 32318 | D:12     | Noticed a vampire knight
 32383 | D:12     | Noticed a frost giant
 32639 | D:13     | Noticed Rupert
 33244 | D:15     | Entered Level 15 of the Dungeon
 33421 | D:15     | Found a shadowy altar of Dithmenos.
 33721 | D:15     | Found a staircase to the Depths.
 33721 | D:15     | Noticed a fire giant
 33726 | D:15     | Killed a fire giant
 33726 | D:15     | Reached XP level 15. HP: 52/90 MP: 9/30
 34408 | D:15     | Identified the +2 leather armour "Qiemuypi" {rElec rC+ SInv} (You found it on level 15 of the Dungeon)
 34446 | D:15     | Reached skill level 19 in Ice Magic
 34455 | D:15     | Identified the +1 robe of Kayrrawiadgh {rPois rF+ rC+ MR- Dex+3} (You found it on level 15 of the Dungeon)
 35097 | D:14     | Found a gate to the Vaults.
 36331 | D:12     | Noticed Gastronok
 36344 | D:12     | Killed Gastronok
 36873 | D:12     | Killed a frost giant
 37378 | Elf:1    | Entered Level 1 of the Elven Halls
 37797 | Elf:1    | Noticed a deep elf sorcerer
 37803 | Elf:1    | Killed a deep elf sorcerer
 38230 | Elf:1    | Reached XP level 16. HP: 96/96 MP: 31/31
 38703 | Elf:2    | Found a radiant altar of Vehumet.
 38707 | Elf:1    | Mangled by a large abomination

Vault maps used:
D:1:      matt_arrival_diagonals
D:2:      minivault_27
D:3:      minmay_diamond_boxcup, nicolae_gozag_zags_fifth_avenue
D:4:      xom_teletrap_fun, first_bread
D:5:      minmay_temple_entry_water_ring, portal_sewer_entry_e, serial_shops,
          shop, basic_altar, uniq_pikel, uniq_sigmund, uniq_prince_ribbit1
D:6:      uniq_edmund
D:8:      minmay_weird_star, serial_shops, nicolae_shop_window_shopping,
          uniq_grum
D:9:      basic_altar
D:10:     minmay_orc_entry_guard_dogs
D:11:     evilmike_iron_armoury, minmay_lair_entry_grove, hangedman_ranch,
          eino_house_with_fridge
D:12:     minmay_heptahexagon, uniq_gastronok
D:13:     serial_shops, bzr_entry_water, uniq_rupert
D:14:     david_vaults_4, serial_shops, shop, kennysheep_another_room,
          uniq_josephine
D:15:     grunt_enter_depths_giant_problem, grunt_dithmenos_smoke
Temple:   grunt_wide_crystal_templ
Lair:1:   minivault_19, grunt_megastairs_2
Lair:2:   nicolae_swamp_entry_splash_gauntlet, minmay_snake_entry_six_corridors
Lair:3:   minmay_lair_venomous_thicket, portal_ice_cave_entry_pillars_1,
          lemuel_fruit_fields, grunt_megastairs_4, serial_bayou_shore_b
Lair:4:   uniq_harold
Lair:5:   roderic_carrion_pond, uniq_kirke
Lair:6:   due_jungle_book, slime_altar_1, st_stairs_6, minivault_26,
          lookout_lair_type, serial_bayou_pond_c
Orc:1:    serial_shops, nicolae_shop_stone
Orc:2:    grunt_orc_community_town_hall, grunt_orc_community_big_house_2,
          grunt_orc_community_big_house_1, grunt_orc_community_house_3,
          grunt_orc_community_house_2, grunt_orc_community_house_3,
          grunt_orc_community_house_3, serial_shops, shop
Elf:1:    minmay_elf_necromancy
Elf:2:    basic_altar, serial_shops, nicolae_shop_stone, st_stairs_13,
          minmay_checkered_concentric_circles, basic_stair_grate_trap,
          uniq_roxanne
IceCv:    ice_cave_small_necro

Skill      XL: |  1  2  3  4  5  6  7  8  9 10 11 12 13 14 15 |
---------------+----------------------------------------------+-----
Spellcasting   | 3 4 6 7 8 10 11 | 11.4
Ice Magic      | 3 4 5 6 7 8 10 11 12 15 18 19 | 19.8
Conjurations   | 1 2 3 4 6 7 8 10 11 12 13 | 13.8
Evocations     | 3 |  3.3
Shields        | 1 2 |  2.0
Dodging        | |  1.5
Stealth        | |  1.5

Action                   |  1- 3 |  4- 6 |  7- 9 | 10-12 | 13-15 | 16-18 || total
-------------------------+-------+-------+-------+-------+-------+-------++-------
Melee: Club              |     2 |       |       |       |       |       ||     2
       Dagger            |       |    14 |   182 |   243 |    17 |       ||   456
       Staff             |       |       |    90 |   101 |   284 |       ||   475
       Falchion          |       |       |       |     4 |       |       ||     4
 Cast: Freeze            |    43 |    46 |   223 |   280 |    81 |       ||   673
       Throw Icicle      |       |     1 |    41 |   246 |   184 |    10 ||   482
       Summon Ice Beast  |       |       |     8 |    99 |    98 |       ||   205
       Blink             |       |       |       |       |     4 |       ||     4
       Ozocubu's Refrige |       |       |       |       |   194 |    20 ||   214
Invok: Potion Petition   |       |       |     1 |     1 |     1 |       ||     3
       Call Merchant     |       |       |       |     2 |     3 |       ||     5
Evoke: Wand              |     1 |     4 |     2 |    26 |    28 |       ||    61
       Sack of spiders   |       |       |       |       |     6 |       ||     6
  Use: Scroll            |     5 |     2 |    10 |    14 |    25 |       ||    56
 Stab: Sleeping          |       |     1 |     5 |       |     1 |       ||     7
       Distracted        |       |       |     1 |     4 |     1 |       ||     6
       Paralysed         |       |       |       |    47 |    26 |       ||    73
Armor: Robe              |     4 |     8 |   179 |   292 |   186 |     3 ||   672
Dodge: Dodged            |    35 |    34 |   303 |   411 |   319 |     2 ||  1104
